 Dungeon Crawl Stone Soup version 0.21.0-3-g78d12a8 (webtiles) character file.

69979 MTVSty1e the Executioner (level 14, -2/130 HPs)
             Began as a Minotaur Monk on Jan 9, 2018.
             Was the Champion of Okawaru.
             Slain by an orc warlord
             ... wielding a +0 war axe
              (19 damage)
             ... on level 14 of the Dungeon on Jan 10, 2018.
             The game lasted 00:55:32 (26804 turns).

MTVSty1e the Executioner (Minotaur Monk)           Turns: 26804, Time: 00:55:33

Health: -2/130     AC: 22    Str: 26    XL:     14   Next: 92%
Magic:  20/20      EV: 15    Int:  7    God:    Okawaru [******]
Gold:   1418       SH:  0    Dex: 23    Spells: 13/13 levels left

rFire    + . .     SeeInvis .   M - +1 executioner's axe (venom)
rCold    + + .     Gourm    .   (shield currently unavailable)
rNeg     . . .     Faith    .   U - +0 plate armour {rC+}
rPois    .         Spirit   .   I - +1 hat "Ubbiw" {Dex+2}
rElec    .         Reflect  .   F - +0 cloak
rCorr    .         Harm     .   o - +1 pair of gloves {Dex+3}
MR       +....                  H - +0 pair of boots
Stlth    ..........             S - amulet of rage
HPRegen  0.31/turn              Z - ring of protection from cold
MPRegen  0.17/turn              K - ring of protection from fire

@: mighty, agile, about to teleport, studying Ice Magic
A: retaliatory headbutt, horns 2
a: Heroism, Finesse, Renounce Religion, Evoke Berserk Rage


You were on level 14 of the Dungeon.
You worshipped Okawaru.
Okawaru was exalted by your worship.
You were not hungry.

You visited 3 branches of the dungeon, and saw 21 of its levels.
You also visited: Ossuary and Ice Cave.

You collected 1418 gold pieces.

Inventory:

Hand Weapons
 y - the +8 dire flail of Lebbuov {crush, *Noise rPois MR+ Stlth+}
   (Okawaru gifted it to you on level 11 of the Dungeon)

   It inflicts extra damage upon your enemies.
   It protects you from poison.
   It affects your resistance to hostile enchantments.
   It may make noises in combat.
   It makes you more stealthy.
 M - a +1 executioner's axe of venom (weapon)
Armour
 f - a +1 plate armour
 o - a +1 pair of gloves of dexterity (worn)
 q - a +2 pair of gloves
 v - +0 acid dragon scales
 F - a +0 cloak (worn)
 H - a +0 pair of boots (worn)
 I - the +1 hat "Ubbiw" (worn) {Dex+2}
   (Okawaru gifted it to you on level 9 of the Dungeon)

   It affects your dexterity (+2).
 U - a +0 plate armour of cold resistance (worn)
Jewellery
 K - a ring of protection from fire (right hand)
 P - an uncursed ring of magical power
 Q - a +4 ring of intelligence
 S - an amulet of rage (around neck)
 Z - a ring of protection from cold (left hand)
Wands
 a - a wand of digging (19)
 i - a wand of flame (47)
 z - a wand of iceblast (6)
 E - a wand of disintegration (15)
 J - a wand of enslavement (10)
 O - a wand of acid (8)
 T - a wand of polymorph (42)
 W - a wand of random effects (38)
Scrolls
 b - 4 scrolls of enchant armour
 g - 6 scrolls of teleportation
 j - 2 scrolls of fear
 m - 3 scrolls of magic mapping
 p - 3 scrolls of amnesia
 u - 7 scrolls of remove curse
Potions
 e - 4 potions of curing
 h - 2 potions of resistance
 l - a potion of might
 n - 2 potions of brilliance
 r - 4 potions of flight
 s - 3 potions of invisibility
 t - a potion of magic
 x - 4 potions of ambrosia
 A - 4 potions of lignification
 B - 3 potions of haste
 D - 4 potions of mutation
 G - 3 potions of berserk rage
Books
 k - a book of Frost

   Spells                             Type                      Level
   a - Freeze                         Ice                          1
   b - Throw Frost                    Conjuration/Ice              2
   c - Ozocubu's Armour               Charms/Ice                   3
   d - Throw Icicle                   Conjuration/Ice              4
   e - Summon Ice Beast               Ice/Summoning                4
 w - a manual of Ice Magic
 N - a book of Transfigurations

   Spells                             Type                      Level
   a - Irradiate                      Conjuration/Transmutation    5
   b - Statue Form                    Transmutation/Earth          6
   c - Hydra Form                     Transmutation                6
   d - Dragon Form                    Transmutation                7
Comestibles
 c - 18 rations


   Skills:
 + Level 13.9 Fighting
 * Level 21.1 Axes
 + Level 12.7 Armour
 - Level 3.2 Dodging
 - Level 1.5 Stealth
 + Level 9.7 Invocations


You had 13 spell levels left.
You didn't know any spells.

Dungeon Overview and Level Annotations

Branches:
Dungeon (14/15)            Temple (1/1) D:4            Lair (6/6) D:10
  Swamp (0/4) Lair:4       Spider (0/4) Lair:4        Slime (0/5) Lair:5
    Orc (0/2) D:10         Vaults (0/5) D:14

Altars:
Ashenzari
Elyvilon
Fedhas
Kikubaaqudgha
Makhleb
Nemelex Xobeh
Okawaru
Qazlal
Ru
Sif Muna
Trog
Xom
Yredelemnul
Zin
The Shining One
Beogh
Jiyva

Annotations:
Lair:2 exclusion: 3 oklob plants


Innate Abilities, Weirdness & Mutations

You reflexively headbutt those who attack you in melee.
You have a pair of horns on your head.


Message History

As you read the scroll of fear, it crumbles to dust.
You assume a fearsome visage.
The stone giant resists with some effort.
The orc knight looks frightened! x2
The orc warlord resists with some effort.
The orc knight looks frightened!
The two-headed ogre looks frightened!
The stone giant hits you.
* * * LOW HITPOINT WARNING * * *
The orc warlord hits you but does no damage.
As you read the scroll of fog, it crumbles to dust.
The scroll dissolves into smoke.
The stone giant hits you!
* * * LOW HITPOINT WARNING * * *
As you read the scroll of teleportation, it crumbles to dust.
You feel strangely unstable. The orc warlord misses you.
The stone giant hits you.
* * * LOW HITPOINT WARNING * * *
The orc high priest says, "Taste sacred energy, fool."
You feel better.
The orc warlord hits you with a war axe!!
You die...

......<.............#
.##.###############.#
.##.# ## #.# ..#.#
..###.# ....# O###
..##.# ...## ..#.
..##.## ....# T.|..
#§##..# ....#
#.8$8?##C##..# ...©#
..._oO)#@##©.# ....#
#:8$8o##o##.## #.###
.......#o#### ...# .
#..O§# ...# ##.Oo#
##.# ...o## #.#
###### ##.## ###
#.#.####.###


You could see an orc warlord, a stone giant, 2 orc knights, an orc high priest
and a two-headed ogre.

Vanquished Creatures
  Kirke (D:12)
  Gastronok (Lair:2)
  A frost giant (IceCv)
  Fannar (Lair:2)
  6 hydras
  3 two-headed ogres
  A tengu warrior (D:14)
  A catoblepas (Lair:6)
  A death knight (D:12)
  A deep troll shaman (Lair:6)
  4 death yaks (Lair:6)
  Urug (Lair:4)
  The ghost of EmerC2 the Skirmisher, a novice FoCK of Xom (D:6)
  5 unseen horrors
  A lindwurm (Lair:6)
  A harpy (shapeshifter) (D:13)
  3 deep elf magi
  4 oklob plants (Lair:6)
  A wolf spider (shapeshifter) (D:14)
  2 ugly things
  2 cyclopes
  7 elephants
  Maurice (D:9)
  An ice statue (IceCv)
  3 black mambas
  12 spiny frogs
  5 rime drakes
  4 komodo dragons
  2 freezing wraiths (D:12)
  6 trolls
  4 jumping spiders (Lair:4)
  25 polar bears
  2 slime creatures (D:14)
  3 hornets
  A hornet (shapeshifter) (D:14)
  12 hippogriffs
  7 blink frogs
  36 yaks
  4 redbacks (Lair:4)
  4 wraiths
  3 vampires
  A spriggan (shapeshifter) (D:13)
  7 wyverns
  5 hogs (D:12)
  A wyvern (shapeshifter) (D:14)
  5 basilisks
  2 vampire mosquitoes (D:13)
  4 hungry ghosts
  Menkaure (D:7)
  8 water moccasins
  An acid dragon (D:14)
  9 porcupines
  7 orc warriors
  Duvessa (D:7)
  2 sky beasts
  2 ice beasts
  5 black bears
  4 necrophages
  8 ogres
  3 eyes of draining
  2 phantoms
  5 centaurs
  17 wolves
  8 crocodiles
  5 big kobolds
  Blork the orc (D:4)
  19 bullfrogs
  A wyvern zombie (D:14)
  5 scorpions
  Dowan (D:7)
  A troll zombie (D:9)
  9 killer bees
  2 wights (D:9)
  An electric eel (D:14)
  5 howler monkeys
  7 crimson imps
  8 human zombies
  6 hounds
  7 jellies
  7 orc priests
  A gnoll shaman (D:9)
  Crazy Yiuf (D:4)
  4 bullfrog skeletons
  2 centaur skeletons
  Ijyb (D:4)
  A human skeleton (D:9)
  10 iguanas
  8 orc wizards
  8 worker ants
  3 big kobold zombies (Ossuary)
  A howler monkey zombie (D:9)
  4 mummies
  2 worker ant zombies
  11 gnolls
  2 howler monkey skeletons
  10 adders
  5 shadow imps
  2 oozes
  An adder zombie (Ossuary)
  4 worms
  8 leopard geckos
  39 orcs
  A ball python (D:1)
  3 giant cockroaches
  5 goblins
  11 hobgoblins
  14 jackals
  30 kobolds
  3 quokkas
  4 bats
  9 frilled lizards
  2 goblin zombies (Ossuary)
  8 hobgoblin zombies (Ossuary)
  A jackal zombie (Ossuary)
  14 kobold zombies (Ossuary)
  A leopard gecko skeleton (D:4)
  5 orc zombies (Ossuary)
  A quokka skeleton (D:6)
  5 rats
  A rat zombie (Ossuary)
  7 fungi
  3 plants
633 creatures vanquished.

Vanquished Creatures (others)
  2 yaks (IceCv)
  2 wolves (IceCv)
  7 fungi
  2 plants
13 creatures vanquished.

Grand Total: 646 creatures vanquished

Notes
Turn   | Place    | Note
-------+----------+-------------------------------------------
     0 | D:1      | MTVSty1e the Minotaur Monk began the quest for the Orb.
     0 | D:1      | Reached XP level 1. HP: 19/19 MP: 0/0
   106 | D:1      | Reached skill level 4 in Axes
   147 | D:1      | Reached XP level 2. HP: 25/26 MP: 1/1
   586 | D:2      | Reached skill level 5 in Axes
   715 | D:2      | Found a deep blue altar of Sif Muna.
   881 | D:2      | Reached XP level 3. HP: 30/31 MP: 2/2
  1376 | D:2      | Reached skill level 6 in Axes
  1376 | D:2      | Reached XP level 4. HP: 24/39 MP: 3/3
  1970 | D:2      | Found a sacrificial altar of Ru.
  1973 | D:2      | Found a glowing silver altar of Zin.
  1974 | D:2      | Found a shattered altar of Ashenzari.
  1974 | D:2      | Found a shimmering altar of Xom.
  1976 | D:2      | Found a blossoming altar of Fedhas.
  2096 | D:3      | Found a basalt altar of Yredelemnul.
  2145 | D:3      | Found a faded altar of an unknown god.
  2342 | D:3      | Reached skill level 7 in Axes
  2342 | D:3      | Reached XP level 5. HP: 39/45 MP: 4/4
  3027 | D:4      | Found an iron altar of Okawaru.
  3038 | D:4      | Became a worshipper of Warmaster Okawaru
  3038 | D:4      | Reached * piety under Okawaru
  3038 | D:4      | Reached ** piety under Okawaru
  3087 | D:4      | Noticed Blork the orc
  3097 | D:4      | Killed Blork the orc
  3097 | D:4      | Reached skill level 8 in Axes
  3097 | D:4      | Reached XP level 6. HP: 40/51 MP: 5/5
  3121 | D:4      | Found a sand-covered staircase.
  3155 | Ossuary  | Entered an ossuary
  3386 | Ossuary  | Reached skill level 9 in Axes
  3508 | Ossuary  | Reached XP level 7. HP: 56/57 MP: 6/6
  3580 | D:4      | Noticed Ijyb
  3589 | D:4      | Killed Ijyb
  3819 | D:4      | Found a runed door.
  4026 | D:4      | Noticed Crazy Yiuf
  4032 | D:4      | Killed Crazy Yiuf
  4032 | D:4      | Reached skill level 10 in Axes
  4244 | D:4      | Found a staircase to the Ecumenical Temple.
  4266 | Temple   | Entered the Ecumenical Temple
  4313 | D:5      | Entered Level 5 of the Dungeon
  4674 | D:5      | Reached *** piety under Okawaru
  4674 | D:5      | Reached skill level 11 in Axes
  5333 | D:6      | Noticed EmerC2's ghost (novice FoCK)
  5349 | D:6      | Killed EmerC2's ghost
  5349 | D:6      | Reached skill level 12 in Axes
  5349 | D:6      | Reached XP level 8. HP: 60/64 MP: 7/7
  5467 | D:6      | Found a bloodstained altar of Trog.
  5480 | D:6      | Reached skill level 13 in Axes
  5619 | D:6      | Reached **** piety under Okawaru
  6087 | D:7      | Noticed Dowan
  6088 | D:7      | Noticed Duvessa
  6088 | D:7      | Noticed Menkaure
  6124 | D:6      | HP: 3/64 [poisoned by Duvessa]
  6431 | D:7      | Killed Duvessa
  6431 | D:7      | Reached XP level 9. HP: 70/70 MP: 8/8
  6437 | D:7      | Killed Dowan
  6440 | D:7      | Killed Menkaure
  6440 | D:7      | Reached skill level 14 in Axes
  6706 | D:7      | Reached skill level 1 in Armour
  6946 | D:7      | Reached skill level 5 in Fighting
  7594 | D:8      | Reached ***** piety under Okawaru
  7594 | D:8      | Reached skill level 15 in Axes
  7789 | D:8      | Reached XP level 10. HP: 68/84 MP: 9/9
  8006 | D:8      | Found a white marble altar of Elyvilon.
  8702 | D:9      | Noticed a two-headed ogre
  8797 | D:9      | Killed a two-headed ogre
  8797 | D:9      | Received a gift from Okawaru
  8797 | D:9      | Reached skill level 5 in Armour
  8800 | D:9      | Got a faintly glowing hat {god gift}
  8811 | D:9      | Identified the +1 hat "Ubbiw" {Dex+2} (Okawaru gifted it to you on level 9 of the Dungeon)
  9039 | D:9      | Noticed Maurice
  9052 | D:9      | Killed Maurice
  9055 | D:9      | Noticed a two-headed ogre
  9062 | D:9      | Killed a two-headed ogre
  9062 | D:9      | Reached skill level 16 in Axes
  9251 | D:9      | Reached skill level 1 in Invocations
  9262 | D:9      | Found an ancient bone altar of Kikubaaqudgha.
  9316 | D:9      | Reached XP level 11. HP: 90/96 MP: 9/11
  9613 | D:10     | Entered Level 10 of the Dungeon
 10012 | D:10     | Found a staircase to the Lair.
 10538 | D:10     | Found a staircase to the Orcish Mines.
 10558 | D:10     | Killed an unseen horror
 10894 | D:10     | Got an encrusted long sword
 10974 | D:11     | Identified the +3 long sword of the Puffin {slice, *Noise Str+2 SInv} (You found it on level 10 of the Dungeon)
 10995 | D:11     | Reached skill level 17 in Axes
 11019 | D:11     | Noticed a two-headed ogre
 11029 | D:11     | Killed a two-headed ogre
 11029 | D:11     | Reached ****** piety under Okawaru
 11201 | D:11     | Noticed a white ugly thing
 11217 | D:11     | Killed a white ugly thing
 11217 | D:11     | Reached skill level 10 in Fighting
 11246 | D:11     | Received a gift from Okawaru
 11249 | D:11     | Got a brightly glowing dire flail {god gift}
 11592 | Lair:1   | Entered Level 1 of the Lair of Beasts
 11915 | Lair:1   | Identified the +8 dire flail of Lebbuov {crush, *Noise rPois MR+ Stlth+} (Okawaru gifted it to you on level 11 of the Dungeon)
 12575 | Lair:2   | Noticed an oklob plant
 12729 | Lair:2   | Reached XP level 12. HP: 91/106 MP: 14/14
 13096 | Lair:2   | Received a gift from Okawaru
 13369 | Lair:2   | Reached skill level 5 in Invocations
 13615 | Lair:2   | Noticed Gastronok
 13629 | Lair:2   | Killed Gastronok
 13629 | Lair:2   | Reached skill level 18 in Axes
 13773 | Lair:2   | Noticed Fannar
 13784 | Lair:2   | Killed Fannar
 14368 | Lair:3   | Identified the Reference Book on Floating Orientation
 14370 | Lair:3   | Noticed a five-headed hydra
 14378 | Lair:3   | Killed a five-headed hydra
 14378 | Lair:3   | Received a gift from Okawaru
 14383 | Lair:3   | Got an ancient robe {god gift}
 15104 | Lair:4   | Reached skill level 10 in Armour
 15166 | Lair:4   | HP: 1/110 [komodo dragon (14)]
 15987 | Lair:4   | Reached XP level 13. HP: 100/117 MP: 16/16
 16205 | Lair:4   | Noticed Urug
 16216 | Lair:4   | Killed Urug
 16567 | Lair:4   | Found a hole to the Spider Nest.
 16832 | Lair:4   | Reached skill level 19 in Axes
 16888 | Lair:4   | Found a staircase to the Swamp.
 17492 | Lair:5   | Found a runed door.
 17492 | Lair:5   | Found a viscous altar of Jiyva.
 17493 | Lair:5   | Found a staircase to the Slime Pits.
 18044 | Lair:6   | Entered Level 6 of the Lair of Beasts
 18083 | Lair:6   | Found a frozen archway.
 18098 | IceCv    | Entered an ice cave
 18208 | IceCv    | Received a gift from Okawaru
 19245 | IceCv    | Noticed a frost giant
 19270 | IceCv    | Killed a frost giant
 19944 | Lair:6   | Reached skill level 20 in Axes
 20124 | Lair:6   | Identified the +1 robe "Forget-Me-Not" {rN+ MR+} (Okawaru gifted it to you on level 3 of the Lair of Beasts)
 20297 | Lair:6   | Reached XP level 14. HP: 123/127 MP: 19/19
 21560 | Lair:6   | Identified the Papyrus of Flying Stones
 21763 | Lair:6   | Received a gift from Okawaru
 23004 | D:12     | Noticed Kirke
 23030 | D:12     | Killed Kirke
 24363 | D:13     | Received a gift from Okawaru
 25434 | D:14     | Reached skill level 21 in Axes
 26432 | D:14     | Found a gate to the Vaults.
 26692 | D:14     | Found a transporter.
 26788 | D:14     | Noticed an orc warlord
 26788 | D:14     | Found a roughly hewn altar of Beogh.
 26790 | D:14     | Noticed a stone giant
 26803 | D:14     | HP: 6/130 [stone giant (5)]
 26804 | D:14     | Slain by an orc warlord

Skill      XL: |  1  2  3  4  5  6  7  8  9 10 11 12 13 14 |
---------------+-------------------------------------------+-----
Axes           | 4 5 6 7 8 9 12 13 15 16 17 18 20 21 | 21.1
Fighting       | 6 9 10 11 12 13 | 13.9
Armour         | 3 6 8 10 11 12 | 12.7
Invocations    | 1 4 6 8 9 |  9.7
Dodging        | |  3.2
Stealth        | |  1.5

Action                   |  1- 3 |  4- 6 |  7- 9 | 10-12 | 13-15 || total
-------------------------+-------+-------+-------+-------+-------++-------
Melee: Hand axe          |    54 |       |       |       |       ||    54
       Headbutt          |    13 |    40 |    55 |   158 |   174 ||   440
       War axe           |     8 |   201 |   281 |   497 |       ||   987
       Punch             |       |       |       |     1 |       ||     1
       Battleaxe         |       |       |       |   156 |   509 ||   665
       Dire flail        |       |       |       |     4 |    16 ||    20
       Executioner's axe |       |       |       |       |   137 ||   137
Invok: Heroism           |       |       |     2 |     7 |     4 ||    13
Evoke: Wand              |       |       |       |       |    45 ||    45
  Use: Potion            |     1 |     1 |     5 |     5 |     5 ||    17
       Scroll            |       |       |    19 |    14 |    16 ||    49
 Stab: Sleeping          |     2 |       |       |     3 |       ||     5
       Distracted        |       |       |       |     1 |       ||     1
  Eat: Ration            |     1 |     2 |     4 |     8 |    10 ||    25
       Chunk             |       |       |     1 |     1 |     2 ||     4
Armor: Robe              |     6 |       |       |       |       ||     6
       Chain mail        |       |    22 |       |       |       ||    22
       Ring mail         |       |    10 |       |       |       ||    10
       Plate armour      |       |    90 |   119 |       |   432 ||   641
       Acid dragon scale |       |       |    20 |   249 |    64 ||   333
Dodge: Dodged            |    35 |    68 |    85 |   300 |   347 ||   835
